 Dungeon Crawl Stone Soup version 0.29-a0-649-g45c230d69a (console) character file.

Game seed: 4805420182214913407

334 Banquo the Sneak (level 6, -3/42 HPs)
             Began as a Djinni Enchanter on June 21, 2022.
             Slain by Duvessa
             ... wielding a +0 rapier
              (10 damage)
             ... on level 4 of the Dungeon.
             The game lasted 00:14:37 (4253 turns).

Banquo the Sneak (Djinni Enchanter)                 Turns: 4253, Time: 00:14:40

Health: -3/42      AC:  3    Str:  7    XL:     6   Next: 83%
Gold:   235        EV: 13    Int: 19    God:
                   SH:  0    Dex: 19

rFire   + + .      SeeInvis .   B - +1 dagger
rCold   x . .      Faith    .   (no shield)
rNeg    + . .      Spirit   .   b - +0 robe
rPois   ∞          Reflect  .   y - +0 helmet
rElec   .          Harm     .   (no cloak)
rCorr   .          Rampage  .   (no gloves)
Will    .....                   (boots unavailable)
Stlth   +++.......              (no amulet)
HPRegen 0.14/turn               j - ring of positive energy
MPRegen 0.00/turn               s - +6 ring of dexterity

@: flying
A: sickness immunity, fire resistance 2, cold vulnerability 1, float, innate
caster, HP casting, extra vitality 1
a: no special abilities


You were on level 4 of the Dungeon.
You visited 1 branch of the dungeon, and saw 4 of its levels.

You collected 235 gold pieces.

Inventory:

Hand Weapons
 a - a +2 dagger of electrocution
 k - a +1 vorpal mace
 B - a +1 dagger (weapon)
Missiles
 d - 7 poisoned darts (quivered)
 f - 24 stones
 l - 9 boomerangs
Armour
 b - a +0 robe (worn)
 y - a +0 helmet (worn)
Jewellery
 j - a ring of positive energy (left hand)
 s - a +6 ring of dexterity (right hand)
Wands
 r - a wand of polymorph (2)
 A - a wand of flame (21)
Scrolls
 e - a scroll of enchant armour {unknown}
 h - a scroll of summoning {unknown}
 m - a scroll of immolation {unknown}
 o - a scroll of teleportation {unknown}
 q - 4 scrolls of identify {unknown}
 t - a scroll of enchant weapon {unknown}
 u - 3 scrolls of fear {unknown}
 v - a scroll of blinking {unknown}
 w - a scroll of amnesia {unknown}
 z - a scroll of brand weapon {unknown}
Potions
 c - 4 potions of invisibility
 g - a potion of lignification {unknown}
 i - a potion of flight {unknown}
 n - a potion of brilliance {unknown}
 p - 3 potions of curing {unknown}
 x - a potion of might {unknown}
 C - 2 potions of degeneration {unknown}
 D - a potion of heal wounds {unknown}


   Skills:
 * Level 1.5 Fighting
 * Level 1.7 Short Blades
 * Level 3.0 Dodging
 * Level 4.2 Stealth
 * Level 3.8 Spellcasting


You couldn't memorise any spells.
You knew the following spells:

 Your Spells              Type           Power      Damage    Failure   Level
a - Freeze                Ice            72%        1d9       2%          1
c - Confusing Touch       Hex            18%        N/A       9%          3
d - Dazzling Flash        Conj/Hex       36%        N/A       9%          3
h - Ensorcelled Hibernat  Hex/Ice        36%        N/A       4%          2
t - Tukima's Dance        Hex            18%        N/A       9%          3
z - Poisonous Vapours     Pois/Air       36%        N/A       4%          2
Your spell library was empty.

Dungeon Overview and Level Annotations

Branches:
Dungeon (4/15)
 Temple: D:4-7

Altars:
Wu Jian

Annotations:
D:4 Dowan, Duvessa, Menkaure


Innate Abilities, Weirdness & Mutations

You are immune to sickness and miasma.
You are immune to poison.
Your flesh is very heat resistant. (rF++)
You are vulnerable to cold. (rC-)
You float through the air rather than walking.
You learn spells naturally, not from books.
Your magical power is your life essence.
You have superior vitality. (+4 MHP)


Message History

Duvessa hits you with a +0 rapier.
Casting: Ensorcelled Hibernation (safe; 4% risk of failure)
Confirm with . or Enter, or press ? or * to list all spells.
Aiming: Ensorcelled Hibernation (safe; 4% risk of failure)
Press: ? - help, Shift-Dir - straight line, f/p - Duvessa
Aim: Duvessa, wielding a +0 rapier and wearing a +3 leather armour of poison resistance (black smoke, chance to affect: 33%) Duvessa easily resists.
Duvessa hits you with a +0 rapier.
Unknown command.
Casting: Ensorcelled Hibernation (safe; 4% risk of failure)
Confirm with . or Enter, or press ? or * to list all spells.
Aiming: Ensorcelled Hibernation (safe; 4% risk of failure)
Press: ? - help, Shift-Dir - straight line, f/p - Duvessa
Aim: Duvessa, wielding a +0 rapier and wearing a +3 leather armour of poison resistance (chance to affect: 33%) Duvessa easily resists.
Duvessa hits you with a +0 rapier.
Unknown command.
Casting: Ensorcelled Hibernation (safe; 4% risk of failure)
Confirm with . or Enter, or press ? or * to list all spells.
Aiming: Ensorcelled Hibernation (safe; 4% risk of failure)
Press: ? - help, Shift-Dir - straight line, f/p - Duvessa
Aim: Duvessa, wielding a +0 rapier and wearing a +3 leather armour of poison resistance (chance to affect: 33%) Duvessa easily resists.
Duvessa hits you with a +0 rapier!
* * * LOW HITPOINT WARNING * * *
Unknown command.
Casting: Ensorcelled Hibernation (safe; 4% risk of failure)
Confirm with . or Enter, or press ? or * to list all spells.
Aiming: Ensorcelled Hibernation (safe; 4% risk of failure)
Press: ? - help, Shift-Dir - straight line, f/p - Duvessa
Aim: Duvessa, wielding a +0 rapier and wearing a +3 leather armour of poison resistance (chance to affect: 33%) Duvessa easily resists.
* * * LOW HITPOINT WARNING * * *
Duvessa barely misses you.
Casting: Ensorcelled Hibernation (safe; 4% risk of failure)
Confirm with . or Enter, or press ? or * to list all spells.
Aiming: Ensorcelled Hibernation (safe; 4% risk of failure)
Press: ? - help, Shift-Dir - straight line, f/p - Duvessa
Aim: Duvessa, wielding a +0 rapier and wearing a +3 leather armour of poison resistance (black smoke, chance to affect: 33%) Duvessa easily resists.
* * * LOW HITPOINT WARNING * * *
Duvessa hits you with a +0 rapier!
You die...

#..§###≈.§###≈.≈###§.≈#
#..§≈≈≈≈.≈§§§≈§≈§≈§≈.≈§≈§
#..§...§§§)§§§§§.........
#..≈≈≈§≈.§§≈§≈.§§≈≈≈.≈≈≈
#..§###≈.≈###§.§###≈.≈# #
#..≈# #§.≈# #≈.≈# #≈.≈# ..#
#..≈###≈.≈###§§§###§§≈###≈..#
##..≈§§≈≈.§≈§§≈§§≈≈≈≈§§≈§≈≈..#
...§........§.§.@e...§§.§§e..#
###.≈§§≈≈.§≈§§≈§≈≈§≈≈.≈≈§§≈./#
##.§###≈§§###≈§≈###≈.§###≈..#
#..≈# #§.≈# #§.≈# #§§≈# ≈..#
#..≈###≈.§###§.≈###≈§≈###§..#
##..§≈§§≈.≈§≈§≈.≈≈§≈≈§≈≈≈≈≈..
.......§.....§.§..§...§......
.#..§§≈≈§.≈≈≈≈§.≈≈≈≈≈.≈≈≈≈≈..
.#..≈###≈.≈###§.≈###§.≈###§..


You could see Duvessa.

Vanquished Creatures
  2 scorpions
  2 hounds (D:4)
  A jelly (D:4)
  Robin (D:3)
  2 adders (D:4)
  3 worms
  4 dart slugs
  An orc (D:4)
  5 ball pythons
  6 endoplasms
  3 giant cockroaches
  17 goblins
  9 hobgoblins
  2 jackals (D:2)
  2 quokkas
  6 bats
  3 frilled lizards
  3 kobolds
  3 rats
75 creatures vanquished.

Vanquished Creatures (others)
  2 demonic plants (D:3)
2 creatures vanquished.

Grand Total: 77 creatures vanquished

Notes
Turn   | Place    | Note
-------+----------+-------------------------------------------
     0 | D:1      | Banquo the Djinni Enchanter began the quest for the Orb.
     0 | D:1      | Banquo set off with the following spells memorised:
                  | Ensorcelled Hibernation, Confusing Touch, Tukima's Dance,
                  | Dazzling Flash.
     0 | D:1      | Reached XP level 1. HP: 15/15 MP: 0/0
   230 | D:1      | Reached skill level 1 in Short Blades
   230 | D:1      | Reached XP level 2. HP: 21/21 MP: 0/0
   800 | D:1      | Found a faded altar of an unknown god.
   807 | D:1      | Reached XP level 3. HP: 26/26 MP: 0/0
   807 | D:1      | Learned a level 1 spell: Freeze
  1087 | D:2      | Reached skill level 3 in Stealth
  1326 | D:2      | Found an ornate altar of the Wu Jian Council.
  1534 | D:2      | Reached XP level 4. HP: 28/31 MP: 0/0
  2130 | D:3      | Noticed a scorpion
  2340 | D:3      | Killed a scorpion
  2341 | D:3      | Reached skill level 1 in Fighting
  2341 | D:3      | Reached XP level 5. HP: 35/37 MP: 0/0
  2341 | D:3      | Learned a level 2 spell: Poisonous Vapours
  2613 | D:3      | Noticed Robin
  2646 | D:3      | Killed Robin
  3291 | D:4      | Noticed Menkaure
  3565 | D:4      | Reached XP level 6. HP: 36/42 MP: 0/0
  3729 | D:4      | Reached skill level 4 in Stealth
  4169 | D:4      | Noticed Duvessa
  4239 | D:4      | Noticed Dowan
  4253 | D:4      | Slain by Duvessa

Illustrated notes

Levels and vault maps discovered:
D:1:      scummos_arrival_simple_fountains, layout_loops_ring,
          hellmonk_ecumenical_altar_run_dry
D:2:      layout_rooms, basic_altar, minmay_fractal_squares_gapless_5
D:3:      layout_basic, solitary_fountain, dreamdust_princess_corridor,
          uniq_robin
D:4:      layout_rooms, kennysheep_boxes, uniq_menkaure, uniq_duvessa

Skill      XL: |  1  2  3  4  5  6 |
---------------+-------------------+-----
Short Blades   | 1 |  1.7
Stealth        | 3 4 |  4.2
Fighting       | 1 |  1.5
Spellcasting   | 3 |  3.8
Dodging        | 3 |  3.0

Action                   |  1- 3 |  4- 6 || total
-------------------------+-------+-------++-------
Melee: Dagger            |    47 |    28 ||    75
 Cast: Ensorcelled Hiber |     9 |    20 ||    29
       Freeze            |    17 |    25 ||    42
       Poisonous Vapours |       |    22 ||    22
 Stab: Sleeping          |    15 |    15 ||    30
Armor: Robe              |     8 |     7 ||    15
Dodge: Dodged            |    38 |    26 ||    64

Table legend: (Time is in decaauts)
 A = Elapsed time spent in this place.
 B = Non-inter-level travel time spent in this place.
 C = Inter-level travel time spent in this place.
 D = Time resting spent in this place.
 E = Time spent auto-exploring this place.
 F = Levels seen in this place.
 G = Mean time per level.
                   A        B        C        D        E       F      G
               +--------+--------+--------+--------+--------+-----+--------+
         Total |   4249 |   4008 |    241 |    931 |   2204 |   4 | 1062.2 |
       Dungeon |   4249 |   4008 |    241 |    931 |   2204 |   4 | 1062.2 |
               +--------+--------+--------+--------+--------+-----+--------+

Top non-repeatable levels by time:
     D:3: 1529 daAuts
     D:1: 1054 daAuts
     D:4: 854 daAuts
     D:2: 810 daAuts
